 Dungeon Crawl Stone Soup version 0.28-a0-589-g333b8329f1 (webtiles) character file.

Game seed: 15377813646067286289

88 lawman0 the Insei (level 4, 0/32 HPs)
             Began as a Djinni Transmuter on Oct 3, 2021.
             Was an Initiate of Gozag.
             Slain by a hound skeleton (1 damage)
             ... on level 3 of the Dungeon.
             The game lasted 00:03:15 (2252 turns).

lawman0 the Insei (Djinni Transmuter)               Turns: 2252, Time: 00:03:16

Health: 0/32       AC:  4    Str:  9    XL:     4   Next: 82%
Gold:   280        EV: 12    Int: 15    God:    Gozag SH:  0 Dex: 14

rFire   + + .      SeeInvis .     - Unarmed
rCold   x . .      Faith    .   (no shield)
rNeg    + . .      Spirit   .   d - +1 robe {rN+}
rPois   ∞          Reflect  .   (no helmet)
rElec   .          Harm     .   (no cloak)
rCorr   .          Rampage  .   a - +0 pair of gloves
Will    .....                   (boots unavailable)
Stlth   +.........              (no amulet)
HPRegen 0.10/turn               (no ring)
MPRegen 0.00/turn               (no ring)

@: gold aura, flying, hasted, very quick
A: sickness immunity, fire resistance 2, cold vulnerability 1, float, innate
caster, hp casting, extra vitality 1
a: Renounce Religion, Potion Petition, Call Merchant, Bribe Branch


You were on level 3 of the Dungeon.
You worshipped Gozag.
Gozag was aware of your devotion.
You visited 1 branch of the dungeon, and saw 3 of its levels.

You collected 280 gold pieces.

Inventory:

Armour
 a - a +0 pair of gloves (worn)
 d - a +1 robe of positive energy (worn)
Scrolls
 b - 5 scrolls of identify {unknown}
 e - a scroll of blinking {unknown}
Potions
 f - a potion of brilliance {unknown}


   Skills:
 + Level 1.1 Fighting
 + Level 2.7 Dodging
 + Level 0.3 Stealth
 * Level 4.4 Unarmed Combat
 + Level 2.0 Spellcasting


You couldn't memorise any spells.
You knew the following spells:

 Your Spells              Type           Power      Damage    Failure   Level
a - Beastly Appendage     Tmut           14%        N/A       10%         1
b - Wereblood             Tmut           7%         N/A       14%         2
c - Spider Form           Tmut/Pois      3%         N/A       28%         3
d - Ice Form              Ice/Tmut       7%         N/A       67%         4
e - Sting                 Tmut/Pois      28%        1d4       10%         1
Your spell library was empty.

Dungeon Overview and Level Annotations

Branches:
Dungeon (3/15)

Altars:
Gozag


Innate Abilities, Weirdness & Mutations

You are immune to sickness and miasma.
You are immune to poison.
Your flesh is very heat resistant. (rF++)
You are vulnerable to cold. (rC-)
You float through the air rather than walking.
You learn spells naturally, not from books.
Your magical power is your life essence.
You have superior vitality. (+4 HP)


Message History

You hit the hound skeleton but do no damage.
The hound skeleton is moderately damaged.
The hound skeleton barely misses you. The orc closely misses you.
The hound skeleton misses you.
You hit the hound skeleton.
The hound skeleton is heavily damaged.
The orc hits you with a +0 mace.
* * * LOW HITPOINT WARNING * * *
The hound skeleton bites you but does no damage.
You barely miss the orc.
The orc is almost dead.
The hound skeleton bites you.
* * * LOW HITPOINT WARNING * * *
The orc barely misses you.
You hit the orc but do no damage.
The orc looks even sicker.
The orc is almost dead.
You kill the orc!
The hound skeleton misses you.
You hit the hound skeleton but do no damage.
The hound skeleton is heavily damaged.
The hound skeleton closely misses you. x2
You hit the hound skeleton.
The hound skeleton is heavily damaged.
Your transformation has ended.
Your +0 pair of gloves unmelds from your body.
Your +1 robe of positive energy unmelds from your body.
You feel more protected from negative energy.
The hound skeleton bites you.
* * * LOW HITPOINT WARNING * * *
You barely miss the hound skeleton.
The hound skeleton is heavily damaged.
The hound skeleton misses you.
You barely miss the hound skeleton.
The hound skeleton is heavily damaged.
The hound skeleton bites you.
* * * LOW HITPOINT WARNING * * *
It was a potion of haste.
You feel yourself speed up. The hound skeleton bites you.
You die...
Your body crumbles into a pile of gold.

#########
........####
..##...$Z..####
......$@.......
..##.......###.
#...........
#.......###.
#....)..#
........#
#.######## #.


You could see a hound skeleton.

Vanquished Creatures
  Jessica (D:2)
  3 dart slugs
  2 orcs
  5 bats
  4 endoplasms
  5 goblins
  6 hobgoblins
  7 kobolds
  4 quokkas
  3 ball pythons
  5 frilled lizards
  6 rats
51 creatures vanquished.

Notes
Turn   | Place    | Note
-------+----------+-------------------------------------------
     0 | D:1      | lawman0 the Djinni Transmuter began the quest for the Orb.
     0 | D:1      | Reached XP level 1. HP: 17/17 MP: 0/0
   284 | D:1      | Reached XP level 2. HP: 22/22 MP: 0/0
   486 | D:1      | Reached XP level 3. HP: 27/27 MP: 0/0
   486 | D:1      | Learned a level 1 spell: Sting
   554 | D:1      | Found a faded altar of an unknown god.
   576 | D:1      | Became a worshipper of Gozag Ym Sagoz the Greedy
  1031 | D:2      | Noticed Jessica
  1042 | D:2      | Killed Jessica
  1043 | D:2      | Reached skill level 4 in Unarmed Combat
  1043 | D:2      | Reached XP level 4. HP: 20/32 MP: 0/0
  2251 | D:3      | HP: 1/32 [hound skeleton (3)]
  2252 | D:3      | Slain by a hound skeleton

Illustrated notes

Levels and vault maps discovered:
D:1:      dpeg_cavernosity, layout_basic,
          shapermc_ecumenical_altar_starsandcircs, minmay_distorted
D:2:      layout_basic, minmay_misc_feat_pillars, chequers_serial_rivers_marsh,
          minmay_3d_cube, uniq_jessica
D:3:      layout_loops_ring, ebering_ghost_gozag, minivault_27

Skill      XL: |  1  2  3  4 |
---------------+-------------+-----
Unarmed Combat | 4 |  4.4
Spellcasting   | 2 |  2.0
Fighting       | |  1.1
Dodging        | |  2.7
Stealth        | |  0.3

Action                   |  1- 3 |  4- 6 || total
-------------------------+-------+-------++-------
Melee: Unarmed           |   110 |    66 ||   176
       Headbutt          |     9 |     3 ||    12
       Punch             |     2 |     1 ||     3
 Cast: Beastly Appendage |    14 |     4 ||    18
       Wereblood         |     3 |     1 ||     4
       Sting             |     1 |       ||     1
       Spider Form       |       |     2 ||     2
  Use: Potion            |       |     1 ||     1
 Stab: Sleeping          |     2 |       ||     2
Armor: Robe              |    34 |    15 ||    49
       Skin              |       |     1 ||     1
Dodge: Dodged            |    71 |    50 ||   121

Table legend: (Time is in decaauts)
 A = Elapsed time spent in this place.
 B = Non-inter-level travel time spent in this place.
 C = Inter-level travel time spent in this place.
 D = Time resting spent in this place.
 E = Time spent auto-exploring this place.
 F = Levels seen in this place.
 G = Mean time per level.
                   A        B        C        D        E       F      G
               +--------+--------+--------+--------+--------+-----+--------+
         Total |   2240 |   2224 |     16 |    516 |   1278 |   3 |  746.7 |
       Dungeon |   2240 |   2224 |     16 |    516 |   1278 |   3 |  746.7 |
               +--------+--------+--------+--------+--------+-----+--------+

Top non-repeatable levels by time:
     D:2: 1313 daAuts
     D:1: 904 daAuts
     D:3: 22 daAuts
